 Dungeon Crawl Stone Soup version 0.30-a0-672-gc3a7216ad8 (webtiles) character file.

Game seed: 6392713810537425012

5 HoaS the Shooter (level 1, 0/12 HPs)
             Began as a Gargoyle Hunter on Jan 18, 2023.
             Slain by a hobgoblin
             ... wielding a +0 hand axe of freezing
              (8 damage)
             ... on level 1 of the Dungeon.
             The game lasted 00:00:22 (206 turns).

HoaS the Shooter (Gargoyle Hunter)                   Turns: 206, Time: 00:00:22

Health: 0/12       AC:  5    Str: 14    XL:     1   Next: 80%
Magic:  1/1        EV: 11    Int:  9    God:
Gold:   11         SH:  0    Dex: 13    Spells: 0/0 levels left

rFire   . . .      SeeInvis .    a - +0 shortbow
rCold   . . .      Faith    .    (shield currently unavailable)
rNeg    + . .      Spirit   .    c - +0 leather armour
rPois   ∞          Reflect  .    (no helmet)
rElec   +          Harm     .    (no cloak)
rCorr   .          Rampage  .    (no gloves)
Will    .....                    (no boots)
Stlth   +                        (no amulet)
HPRegen 0.22/turn                (no ring)
MPRegen 0.07/turn                (no ring)

@: no status effects
A: sickness immunity, AC +2, negative energy resistance 1, electricity
resistance, torment resistance 1, petrification resistance
a: no special abilities


You were on level 1 of the Dungeon.
You visited 1 branch of the dungeon, and saw 1 of its levels.

You collected 11 gold pieces.

Inventory:

Hand Weapons
 a - a +0 shortbow (weapon)
Armour
 c - a +0 leather armour (worn)
Scrolls
 b - a scroll of immolation


   Skills:
 - Level 2.1 Fighting
 + Level 4.3 Ranged Weapons
 - Level 1.5 Dodging
 - Level 1.1 Stealth


You couldn't memorise any spells.
You didn't know any spells.
Your spell library was empty.

Dungeon Overview and Level Annotations

Branches:
Dungeon (1/15)

Altars:


Innate Abilities, Weirdness & Mutations

You are immune to sickness and miasma.
Your stone body is resilient. (AC +2)
You are immune to poison.
You resist negative energy. (rN+)
You are resistant to electric shocks. (rElec)
You are resistant to unholy torment.
You are immune to petrification.


Message History

You kill the jackal!
No target in view!
No target in view!
No target in view!
You start waiting.
Done waiting.
What are your orders? t - Shout!
Orders for allies: a - Attack new target. r - Retreat! s - Stop attacking. g - Guard the area. f - Follow me.
Anything else - Cancel.
You shout for attention!
You hear a shout!
There is a stone staircase leading down here.
You now have 11 gold pieces.
A bat comes into view.
The bat moves out of view.
Found 19 gold pieces.
You shoot an arrow. The arrow barely misses the bat.
A hobgoblin comes into view.
It is wielding a +0 hand axe of freezing.
You shoot an arrow. The arrow hits the bat.
You kill the bat!
You shoot an arrow. The arrow barely misses the hobgoblin.
You shoot an arrow. The arrow closely misses the hobgoblin.
The hobgoblin closely misses you.
You shoot an arrow. The arrow closely misses the hobgoblin.
A giant cockroach comes into view.
The hobgoblin closely misses you.
The hobgoblin hits you with a +0 hand axe of freezing.
The hobgoblin freezes you.
You shoot an arrow. The arrow hits the hobgoblin.
The hobgoblin is heavily wounded.
A jackal comes into view.
The hobgoblin misses you.
The jackal moves out of view.
You shoot an arrow. The arrow hits the hobgoblin.
The hobgoblin is severely wounded.
You hear a bark!
The hobgoblin hits you with a +0 hand axe of freezing!
Ouch! That really hurt!
You die...

## ..# ##...##
######†......
#...@g.......
#######.####..B....
.......>.# ##...##
#######..# ....
#..# ..$ #..# ##
#..#####.#
#....)...#
#.######..


You could see a giant cockroach and a hobgoblin.

Vanquished Creatures
  2 jackals (D:1)
  A bat (D:1)
  A goblin (D:1)
  2 rats (D:1)
6 creatures vanquished.

Notes
Turn   | Place    | Note
-------+----------+-------------------------------------------
     0 | D:1      | HoaS the Gargoyle Hunter began the quest for the Orb.
     0 | D:1      | Reached XP level 1. HP: 12/12 MP: 1/1
   206 | D:1      | Slain by a hobgoblin

Illustrated notes

Levels and vault maps discovered:
D:1:      dpeg_arrival_subterranean_lakeside_camping, layout_loops_ring,
          minmay_tree_intersection, minmay_surrounded

Action                   || total
-------------------------++-------
 Fire: Shortbow          ||    17
Armor: Leather armour    ||     1
Dodge: Dodged            ||     6

Table legend: (Time is in decaauts)
 A = Elapsed time spent in this place.
 B = Non-inter-level travel time spent in this place.
 C = Inter-level travel time spent in this place.
 D = Time resting spent in this place.
 E = Time spent auto-exploring this place.
 F = Levels seen in this place.
 G = Mean time per level.
                   A        B        C        D        E       F      G
               +--------+--------+--------+--------+--------+-----+--------+
         Total |    212 |    212 |      0 |    100 |     73 |   1 |  212.0 |
       Dungeon |    212 |    212 |      0 |    100 |     73 |   1 |  212.0 |
               +--------+--------+--------+--------+--------+-----+--------+

Top non-repeatable levels by time:
     D:1: 212 daAuts
